 Dungeon Crawl Stone Soup version 0.23.2 (webtiles) character file.

Game seed: 4172431916671556945

119 Chiseanne the Gusty (level 4, 0/35 HPs)
             Began as a Demonspawn Wanderer on Apr 7, 2019.
             Slain by an orc
             ... wielding a +0 hand axe
              (5 damage)
             ... on level 4 of the Dungeon.
             The game lasted 00:04:20 (1778 turns).

Chiseanne the Gusty (Demonspawn Wanderer)           Turns: 1778, Time: 00:04:21

Health: 0/35       AC: 16    Str: 14    XL:     4   Next: 74%
Magic:  7/7        EV:  9    Int: 12    God:
Gold:   102        SH:  0    Dex: 13    Spells: 6/7 levels left

rFire    . . .     SeeInvis .   a - +0 flail
rCold    . . .     Gourm    .   (no shield)
rNeg     . . .     Faith    .   k - +0 scale mail
rPois    .         Spirit   .   (no helmet)
rElec    .         Reflect  .   (no cloak)
rCorr    .         Harm     .   o - +0 pair of gloves
MR       .....                  (no boots)
Stlth    ..........             (no amulet)
HPRegen  0.11/turn              (no ring)
MPRegen  0.10/turn              (no ring)

@: sanguine armour, very slightly contaminated, invisible
A: rot immunity, sanguine armour 2
a: no special abilities


You were on level 4 of the Dungeon.
You were not hungry.

You visited 1 branch of the dungeon, and saw 4 of its levels.

You collected 102 gold pieces.

Inventory:

Hand Weapons
 a - a +0 flail (weapon)
 w - a +2 hand crossbow
Missiles
 b - a bolt
 i - 52 stones (quivered)
 q - 38 sling bullets
Armour
 k - a +0 scale mail (worn)
 o - a +0 pair of gloves (worn)
Jewellery
 r - an uncursed ring of positive energy
Scrolls
 c - 2 scrolls of amnesia
 d - a scroll of teleportation
Potions
 h - 2 potions of mutation
 l - a potion of berserk rage {unknown}
 p - 3 potions of flight
Comestibles
 f - 2 rations
 n - a chunk of flesh


   Skills:
 * Level 3.1 Fighting
 - Level 1.0 Crossbows
 * Level 1.2 Armour
 * Level 1.9 Dodging
 - Level 1.0 Stealth
 * Level 2.2 Spellcasting
   Level 3.6 Air Magic
   Level 1.0 Evocations


You had 6 spell levels left.
You knew the following spells:

 Your Spells              Type           Power        Failure   Level  Hunger
a - Apportation           Tloc           #.....       75%         1    ##.....

Your spell library contained the following spells:

 Spells                   Type           Power        Failure   Level  Hunger
 Lesser Beckoning         Tloc           #.........   98%         3    ####...


Dungeon Overview and Level Annotations

Branches:
Dungeon (4/15)
 Temple: D:4-7

Altars:


Innate Abilities, Weirdness & Mutations

You are immune to rotting.
When seriously injured, your bleeding wounds create thick armour. (AC +9)


Message History

You hit the orc but do no damage.
The orc is severely wounded.
The orc hits you but does no damage. The orc barely misses you.
You hit the orc.
The orc is almost dead.
The orc hits you but does no damage. x2
You fade into invisibility!
The orc hits you but does no damage. The orc closely misses you.
The ogre closely misses you.
You are very lightly contaminated with residual magic.
You closely miss the orc.
The orc is almost dead.
The orc hits you with a +0 mace.
* * * LOW HITPOINT WARNING * * *
The orc hits you but does no damage.
The ogre hits you with a +0 giant spiked club.
* * * LOW HITPOINT WARNING * * *
The orc barely misses you. x2
The orc hits you with a +0 hand axe.
You die...

.≈≈≈...
≈≈≈≈≈..###
≈≈♣≈≈....#
≈≈≈≈≈....#
.≈≈≈.....#
.........#
.......O.#
♣###?.o.o#
#..?@.#
#.......#
#.#.....#
.. #.....#
. #######


You could see an ogre and 2 orcs.

Vanquished Creatures
  5 adders (D:2)
  3 oozes
  A worm (D:2)
  An adder skeleton (D:2)
  A dart slug (D:2)
  2 leopard geckos
  3 orcs (D:3)
  A giant cockroach (D:2)
  8 goblins
  7 hobgoblins
  2 jackals (D:3)
  5 kobolds
  2 quokkas
  A bat (D:2)
  2 frilled lizards
  6 rats
50 creatures vanquished.

Notes
Turn   | Place    | Note
-------+----------+-------------------------------------------
     0 | D:1      | Chiseanne the Demonspawn Wanderer began the quest for the
                  | Orb.
     0 | D:1      | Chiseanne set off with the following items: a +2 hand
                  | crossbow, 27 bolts, a scroll of teleportation, a +0 robe, a
                  | ration; and the following spell memorised: Apportation; and
                  | the following spells available to memorise: Lesser
                  | Beckoning
     0 | D:1      | Reached XP level 1. HP: 16/16 MP: 2/2
   347 | D:1      | Gained mutation: When seriously injured, your bleeding
                  | wounds create armour. (AC +9) [demonic ancestry]
   347 | D:1      | Reached XP level 2. HP: 22/22 MP: 3/3
   757 | D:2      | Reached skill level 1 in Dodging
  1071 | D:2      | Gained mutation: You are immune to rotting. [demonic
                  | ancestry]
  1071 | D:2      | Reached XP level 3. HP: 28/28 MP: 5/5
  1337 | D:2      | Gained mutation: When seriously injured, your bleeding
                  | wounds create thick armour. (AC +9) [demonic ancestry]
  1337 | D:2      | Reached XP level 4. HP: 31/34 MP: 7/7
  1495 | D:2      | Reached skill level 1 in Armour
  1768 | D:4      | Noticed an ogre
  1778 | D:4      | Slain by an orc

Skill      XL: |  1  2  3  4 |
---------------+-------------+-----
Dodging        | 1 |  1.9
Spellcasting   | 2 |  2.2
Fighting       | 3 |  3.1
Armour         | 1 |  1.2
Crossbows      | |  1.0
Stealth        | |  1.0
Air Magic      | |  3.6
Evocations     | |  1.0

Action                   |  1- 3 |  4- 6 || total
-------------------------+-------+-------++-------
Melee: Short sword       |       |    20 ||    20
       Flail             |       |    12 ||    12
 Fire: Hand crossbow     |    81 |    43 ||   124
Throw: Stone             |       |     6 ||     6
  Use: Scroll            |     2 |     4 ||     6
       Potion            |       |     1 ||     1
  Eat: Chunk             |     1 |     2 ||     3
Armor: Robe              |    11 |       ||    11
       Scale mail        |     8 |    46 ||    54
Dodge: Dodged            |    23 |    47 ||    70
